 Dungeon Crawl Stone Soup version 0.27-a0-972-gd1521fd518 (webtiles) character file.

Game seed: 16091012058608481536

47 kae the Ruffian (level 3, -4/28 HPs)
             Began as a Draconian Transmuter on Apr 13, 2021.
             Slain by Sigmund
             ... wielding a +0 scythe
              (9 damage)
             ... on level 2 of the Dungeon.
             The game lasted 00:00:39 (1330 turns).

kae the Ruffian (Draconian Transmuter)              Turns: 1330, Time: 00:00:40

Health: -4/28      AC:  5    Str: 13    XL:     3   Next: 48%
Magic:  6/6        EV: 12    Int: 13    God:
Gold:   102        SH:  0    Dex: 11    Spells: 2/6 levels left

rFire    . . .     SeeInvis .     - Unarmed
rCold    . . .     Faith    .   (no shield)
rNeg     . . .     Spirit   .   (armour unavailable)
rPois    .         Reflect  .   (helmet currently unavailable)
rElec    .         Harm     .   (no cloak)
rCorr    .         Rampage  .   (no gloves)
Will     .....                  (boots currently unavailable)
Stlth    +.........             (no amulet)
HPRegen  0.09/turn              (no ring)
MPRegen  0.10/turn              (no ring)

@: confused, appendages (expiring)
A: horns 2, talons 2, AC +5, unfitting armour, cold-blooded
a: End Transformation


You were on level 2 of the Dungeon.
You had temporarily grown beastly horns and talons.
You visited 1 branch of the dungeon, and saw 2 of its levels.

You collected 102 gold pieces.

Inventory:

Scrolls
 a - a scroll of vulnerability {unknown}
 b - 2 scrolls of fear {unknown}
 c - a scroll of fog {unknown}
 e - 2 scrolls of enchant weapon {unknown}
 f - a scroll of identify {unknown}


   Skills:
 + Level 1.5 Fighting
 + Level 2.0 Dodging
 + Level 0.9 Stealth
 * Level 3.4 Unarmed Combat
 + Level 2.1 Spellcasting
 * Level 2.6 Transmutations
 * Level 0.2 Poison Magic


You had 2 spell levels left.
You knew the following spells:

 Your Spells              Type           Power      Damage    Failure   Level
a - Beastly Appendage     Tmut           16%        N/A       9%          1
b - Spider Form           Tmut/Pois      2%         N/A       38%         3

Your spell library contained the following spells:

 Spells                   Type           Power      Damage    Failure   Level
 Wereblood                Tmut           8%         N/A       13%         2
 Ice Form                 Ice/Tmut       4%         N/A       82%         4
 Hydra Form               Tmut           4%         N/A       94%         5


Dungeon Overview and Level Annotations

Branches:
Dungeon (2/15)

Altars:

Annotations:
D:2 Sigmund


Innate Abilities, Weirdness & Mutations

You have temporarily grown beastly horns and talons.
Your plain brown scales are hard. (AC +5)
You cannot fit into any form of body armour.
You are cold-blooded and may be slowed by cold attacks.


Message History

There are monsters nearby!
You are too injured to fight recklessly!
You are too injured to fight recklessly!
There are monsters nearby!
You are too injured to fight recklessly!
You are too injured to fight recklessly!
You are too injured to fight recklessly!
You are too injured to fight recklessly!
You completely miss the endoplasm. You claw the endoplasm.
The endoplasm is almost dead.
Something hits you but does no damage. The endoplasm freezes you.
You are frozen.
You hit the endoplasm but do no damage. You claw the endoplasm.
You kill the endoplasm!
Something completely misses you.
The ball python bites you but does no damage.
The ball python grabs you. The ball python constricts you.
You escape the ball python's grasp.
Something hits you but does no damage.
You hit the ball python.
You kill the ball python!
Something hits you but does no damage. Something hits you.
* * * LOW HITPOINT WARNING * * *
You see here a ball python corpse.
You start resting.
You hear some strange, mumbled words.
You are confused.
You feel better. Something completely misses you.
You miss something. Your headbutt misses something. You tail-slap something.
Your transformation is almost over.
Something hits you!
* * * LOW HITPOINT WARNING * * *
You barely miss something. Your kick misses something. You tail-slap something.
You closely miss something. Your kick misses something.
You hear some strange, mumbled words.
You are confused.
You closely miss something. You claw something. Your headbutt misses something.
Something hits you!
You die...

##....##..........##....#
......##.....†..####..###
......######..### ####
.....## #..# ....##
#..### ##...## ##...# ##
###..## ###...# ..#
##.)## #..######8..#
##..###>##..@....#
##..#...'...{...#
##...########8..#
#......### ..# ##..####..
# ## ...######..##.
.......###....
#...........##.##.#
.............#..#.###


There were no monsters in sight!

Vanquished Creatures
  2 adders (D:2)
  3 endoplasms
  2 giant cockroaches
  A goblin (D:2)
  2 hobgoblins (D:1)
  7 jackals
  A quokka (D:1)
  3 ball pythons
  4 frilled lizards
  A kobold (D:1)
26 creatures vanquished.

Notes
Turn   | Place    | Note
-------+----------+-------------------------------------------
     0 | D:1      | kae the Draconian Transmuter began the quest for the Orb.
     0 | D:1      | Reached XP level 1. HP: 16/16 MP: 3/3
   467 | D:1      | Reached XP level 2. HP: 20/23 MP: 3/5
   781 | D:2      | Found a faded altar of an unknown god.
  1040 | D:2      | Reached XP level 3. HP: 19/28 MP: 6/6
  1058 | D:2      | Learned a level 3 spell: Spider Form
  1314 | D:2      | Noticed Sigmund
  1330 | D:2      | Slain by Sigmund

Illustrated notes

Levels and vault maps discovered:
D:1:      onia_arrival_mini_maze_b, layout_rooms
D:2:      minmay_chambers_of_twos, layout_rooms, ebering_ecumenical_altar_webs,
          minmay_domino_4, uniq_sigmund

Skill      XL: |  1  2 |
---------------+-------+-----
Dodging        | 2 |  2.0
Fighting       | |  1.5
Stealth        | |  0.9
Unarmed Combat | |  3.4
Spellcasting   | |  2.1
Transmutations | |  2.6
Poison Magic   | |  0.2

Action                   || total
-------------------------++-------
Melee: Unarmed           ||    79
       Kick              ||    14
       Headbutt          ||     7
       Tailslap          ||    10
 Cast: Beastly Appendage ||    14
  Use: Potion            ||     2
Armor: Skin              ||    36
Dodge: Dodged            ||    66

Table legend: (Time is in decaauts)
 A = Elapsed time spent in this place.
 B = Non-inter-level travel time spent in this place.
 C = Inter-level travel time spent in this place.
 D = Time resting spent in this place.
 E = Time spent auto-exploring this place.
 F = Levels seen in this place.
 G = Mean time per level.
                   A        B        C        D        E       F      G
               +--------+--------+--------+--------+--------+-----+--------+
         Total |   1329 |   1290 |     39 |    139 |    964 |   2 |  664.5 |
       Dungeon |   1329 |   1290 |     39 |    139 |    964 |   2 |  664.5 |
               +--------+--------+--------+--------+--------+-----+--------+

Top non-repeatable levels by time:
     D:1: 741 daAuts
     D:2: 587 daAuts
